 Dungeon Crawl Stone Soup version 0.25.1-1-g288607f5aa (webtiles) character file.

Game seed: 14684716782760421514

168 Malassasaur the Chiller (level 5, -3/39 HPs)
             Began as a Demigod Ice Elementalist on July 20, 2020.
             Killed by divine providence
             ... invoked by an orc priest
              (13 damage)
             ... on level 3 of the Dungeon.
             The game lasted 00:24:44 (3006 turns).

Malassasaur the Chiller (Demigod Ice Elementalist)  Turns: 3006, Time: 00:24:45

Health: -3/39      AC:  4    Str: 11    XL:     5   Next: 3%
Magic:  9/11       EV: 12    Int: 21    God:
Gold:   147        SH:  5    Dex: 16    Spells: 8/9 levels left

rFire    . . .     SeeInvis .   j - +0 hand axe (vamp)
rCold    . . .     Gourm    .   d - +1 buckler {rN+}
rNeg     + . .     Faith    .   a - +0 robe
rPois    .         Spirit   .   i - +2 hat
rElec    .         Reflect  .   (no cloak)
rCorr    .         Harm     .   (no gloves)
MR       .....                  (no boots)
Stlth    ++........             (no amulet)
HPRegen  0.13/turn              (no ring)
MPRegen  0.12/turn              (no ring)

@: very slightly contaminated
A: high mp 1
a: no special abilities


You were on level 3 of the Dungeon.
You were not hungry.

You visited 1 branch of the dungeon, and saw 3 of its levels.

You collected 147 gold pieces.

Inventory:

Hand Weapons
 j - a +0 vampiric hand axe (weapon)
Armour
 a - a +0 robe (worn)
 d - a +1 buckler of positive energy (worn)
 i - a +2 hat (worn)
Scrolls
 b - 3 scrolls of teleportation {unknown}
 e - 2 scrolls of enchant armour {unknown}
 f - 3 scrolls of amnesia {unknown}
 h - a scroll of noise {unknown}
 k - a scroll of blinking {unknown}
 l - 3 scrolls of identify {unknown}
 p - a scroll of remove curse {unknown}
Potions
 g - a potion of haste
 m - a potion of might
 n - 3 potions of curing {unknown}
Comestibles
 c - 6 rations
 o - 2 chunks of flesh


   Skills:
 + Level 0.5 Fighting
 + Level 1.9 Axes
 + Level 2.3 Dodging
 + Level 1.9 Stealth
 + Level 0.9 Shields
 * Level 2.6 Spellcasting
 * Level 4.4 Ice Magic


You had 8 spell levels left.
You knew the following spells:

 Your Spells              Type           Power        Failure   Level  Hunger
a - Freeze                Ice            ###.         3%          1    None

Your spell library contained the following spells:

 Spells                   Type           Power        Failure   Level  Hunger
 Frozen Ramparts          Ice            ###...       10%         3    ###....
 Ozocubu's Armour         Chrm/Ice       ##......     24%         3    ###....
 Hailstorm                Conj/Ice       ##......     63%         4    ####...
 Summon Ice Beast         Ice/Summ       ##......     63%         4    ####...


Dungeon Overview and Level Annotations

Branches:
Dungeon (3/15)


Innate Abilities, Weirdness & Mutations

You have an increased reservoir of magic. (+10% MP)


Message History

The orc shouts!
You hit the orc but do no damage.
The orc is lightly wounded.
The orc priest mumbles some strange prayers to Beogh against you.
Beogh smites you! The orc hits you but does no damage.
You closely miss the orc.
The orc is lightly wounded.
The orc misses you.
You completely miss the orc.
The orc is lightly wounded.
The orc misses you.
The orc priest invokes the aid of Beogh against you.
Beogh smites you!
* * * LOW HITPOINT WARNING * * *
The orc barely misses you.
The orc priest looks encouraged for a moment.
You see here a +0 dagger.
The orc priest mumbles some strange prayers to Beogh against you.
Beogh smites you!
You die...

##.#########...........# ###.###
.รท...........########.## #> #.
#.##########.# #.# # #. #.# #.#
#.# #. ..# #.# #.# #. ### #.# #.#
#. # #.# ######.# #. #
#####o###......## #. #
#....[o.o@####..# #. ##
#.###o##### ##[.# #. .#### #.#
#.#######...###### #. ....# #.#
#................. #.
.##.####.###########...#########.
###.......# ##..# #....... #
######..# #..# #.#####. # #...#
#..###.# #... ##.># #[.....# #.##


You could see an orc priest and 3 orcs.

Vanquished Creatures
  A hound (D:3)
  An orc wizard (D:3)
  Robin (D:3)
  3 adders
  A worm (D:2)
  3 leopard geckos
  5 orcs (D:3)
  2 bats (D:2)
  3 giant cockroaches
  9 hobgoblins
  A jackal (D:3)
  5 ball pythons
  4 frilled lizards (D:2)
  14 goblins
  4 kobolds
  5 rats
62 creatures vanquished.

Notes
Turn   | Place    | Note
-------+----------+-------------------------------------------
     0 | D:1      | Malassasaur the Demigod Ice Elementalist began the quest
                  | for the Orb.
     0 | D:1      | Reached XP level 1. HP: 14/14 MP: 5/5
     3 | D:1      | Noticed an electric eel
     3 | D:1      | Noticed an electric eel
   449 | D:1      | Reached XP level 2. HP: 20/20 MP: 7/7
   457 | D:1      | Reached skill level 4 in Ice Magic
  1173 | D:2      | Found a bloodstained altar of Trog.
  1173 | D:2      | Found a radiant altar of Vehumet.
  1181 | D:2      | Found a stormy altar of Qazlal.
  1184 | D:2      | Found a faded altar of an unknown god.
  1186 | D:2      | Found a glowing silver altar of Zin.
  1196 | D:2      | Reached XP level 3. HP: 22/26 MP: 4/8
  1847 | D:3      | Noticed Robin
  1857 | D:3      | Killed Robin
  1857 | D:3      | Reached skill level 1 in Axes
  2118 | D:3      | Found a white marble altar of Elyvilon.
  2242 | D:3      | Reached XP level 4. HP: 26/34 MP: 5/10
  2715 | D:3      | Reached XP level 5. HP: 36/39 MP: 11/11
  2925 | D:3      | Found a faded altar of an unknown god.
  3006 | D:3      | Killed from afar by an orc priest

Illustrated notes

Levels and vault maps discovered:
D:1:      arrival_aquarium_b, layout_rooms, feat_on_display
D:2:      layout_basic, chequers_temple_overflow_minitemple, minmay_heptomino_l4
D:3:      minmay_chambers_of_threes, layout_loops_ring, lemuel_doored_altar,
          chequers_ecumenical_altar_lobes, uniq_robin

Skill      XL: |  1  2  3 |
---------------+----------+-----
Dodging        | 2 |  2.3
Ice Magic      | 4 |  4.4
Spellcasting   | 2 |  2.6
Axes           | 1 |  1.9
Fighting       | |  0.5
Stealth        | |  1.9
Shields        | |  0.9

Action                   |  1- 3 |  4- 6 || total
-------------------------+-------+-------++-------
Melee: Hand axe          |   149 |    66 ||   215
 Cast: Freeze            |    27 |     8 ||    35
  Use: Potion            |       |     2 ||     2
 Stab: Sleeping          |     2 |     2 ||     4
  Eat: Ration            |     1 |       ||     1
       Chunk             |     1 |     3 ||     4
Armor: Robe              |    25 |     9 ||    34
Dodge: Dodged            |    96 |    36 ||   132
Block: Buckler           |    58 |    21 ||    79
